Carnivores vs Tamiflu

Created - 15 janvier 2017 at 00:30

Goals
1 2 3 OT1 SO T
Carnivores 1 4 0 0 1 5
Tamiflu 3 2 0 0 2 6
Shots
1 2 3 OT1 SO T
Carnivores 6 21 5 2 3 34
Tamiflu 8 17 1 0 3 26

1st period

1. Carnivores , Artemi Panarin 26 (Brendan Gallagher) at 4:02
2. Tamiflu , Mattias Tedenby 12 (Robert Dome, Adam Larsson) at 7:33
3. Tamiflu , Mike Duco 8 (Jordan Hendry, Nathan Oystrick) at 9:26
4. Tamiflu , Petr Pohl 11 (Tye McGinn) at 17:26

Penalties :
Casey Wellman (Det) for Hooking (Minor) at 12:47, Stefan Elliott (Det) for Holding (Minor) at 18:38

2nd period

5. Carnivores , Brendan Gallagher 21 (Artemi Panarin, Nate Schmidt) at 0:14 (PP)
6. Carnivores , Blake Geoffrion 19 (Jeremy Williams, Anton Gustafsson) at 6:24
7. Carnivores , Jeremy Williams 2 (Mat Clark, Blake Geoffrion) at 7:17
8. Carnivores , Lane MacDermid 7 (Colton Orr, Zack Smith) at 15:34
9. Tamiflu , Petr Pohl 12 (Jamie Arniel, Tye McGinn) at 15:56
10. Tamiflu , Jamie Arniel 16 (Tye McGinn, Petr Pohl) at 18:33

Penalties :
Adam Larsson (Det) for Roughing (Minor) at 2:48, Tye McGinn (Det) for Hooking (Minor) at 7:20, Petr Pohl (Det) for Roughing (Minor) at 10:02, Nathan Oystrick (Det) for Roughing (Minor) at 19:49

3rd period

No Goal

Penalties :
Brendan Gallagher (Bre) for Holding Stick (Minor) at 6:46, Mat Clark (Bre) for Slashing (Minor) at 10:15, Colin Greening (Det) for Elbowing (Minor) at 13:14, Nate Schmidt (Bre) for Charging (Minor) at 19:36

Overtime #1

No Goal

Penalties :
No Penalty

Shootout

Penalty Shot by Chris Lawrence for Carnivores - Goal!
Penalty Shot by Mattias Tedenby for Tamiflu - Goal!
Penalty Shot by Artemi Panarin for Carnivores - Stopped by Thomas Greiss
Penalty Shot by Jamie Arniel for Tamiflu - Shot Misses the Net
Penalty Shot by Brendan Gallagher for Carnivores - Stopped by Thomas Greiss
Penalty Shot by Robert Dome for Tamiflu - Goal!

Penalties :
No Penalty

Goalie Stats

Antti Raanta (Bre), 21 saves from 26 shots - (0,808), OTL, 5-3-1, 65:00 minutes
Thomas Greiss (Det), 29 saves from 34 shots - (0,853), W, 16-10-5, 65:00 minutes

Players Stats for Carnivores

Player Name              G  A  P  +/- PIM S  H  SB GA TA FO     MP     PP MP  PK MP  
------------------------------------------------------------------------------------
Adam Almquist            0  0  0   0  0   0  0  1  0  0  0/0     8:54   0:00   0:00 
Anton Gustafsson         0  1  1  -2  0   3  2  0  0  0  16/40  22:35   7:51   1:06 
Artemi Panarin           1  1  2  -2  0   7  2  0  0  0  4/10   26:16   7:51   3:41 
Blake Geoffrion          1  1  2   1  0   5  1  0  0  0  1/2    17:16   5:39   0:07 
Brendan Gallagher        1  1  2  -2  2   4  3  0  0  2  1/1    22:43   7:50   0:46 
Chris Lawrence           0  0  0   0  0   1  0  0  0  0  0/1    14:04   0:06   2:42 
Colton Orr               0  1  1   0  0   1  0  0  1  2  0/0     7:40   0:00   0:00 
Frederic St-Denis        0  0  0   0  0   0  1  0  0  0  0/0     7:09   0:00   2:13 
Jeremy Welsh             0  0  0   0  0   1  1  0  0  0  0/0     8:39   0:00   0:00 
Jeremy Williams          1  1  2   1  0   2  0  0  1  0  0/0    11:12   0:00   0:00 
Lane MacDermid           1  0  1   0  0   2  0  0  2  0  0/0    10:34   0:00   1:04 
Mark McNeill             0  0  0   0  0   0  0  0  0  0  0/0     7:49   5:34   0:00 
Markus Granlund          0  0  0   0  0   0  0  0  0  0  1/3     9:21   0:00   0:00 
Mat Clark                0  1  1   1  2   1  2  2  0  0  0/0    20:42   5:05   1:04 
Mattias Backman          0  0  0   0  0   0  0  0  0  0  0/0     5:07   0:00   0:13 
Mikael Granlund          0  0  0   1  0   3  4  0  0  0  4/7    18:08   5:39   0:52 
Nate Schmidt             0  1  1  -2  2   1  0  2  0  0  0/0    28:03   8:25   2:27 
Phil Oreskovic           0  0  0  -2  0   1  1  1  3  1  0/0    29:19   8:25   3:44 
Sasha Pokulok            0  0  0   1  0   2  2  0  0  0  0/0    21:53   5:05   2:13 
Zach Jones               0  0  0   0  0   0  1  0  0  1  0/0     8:54   0:00   0:00 
Zack Smith               0  1  1   0  0   0  0  0  0  0  6/6     7:42   0:00   0:00 

Players Stats for Tamiflu

Player Name              G  A  P  +/- PIM S  H  SB GA TA FO     MP     PP MP  PK MP  
------------------------------------------------------------------------------------
Adam Larsson             0  1  1  -1  2   0  3  1  0  0  0/0    19:51   0:37   5:53 
Casey Wellman            0  0  0  -1  2   1  0  0  0  0  0/2    14:00   0:00   7:07 
Colin Greening           0  0  0   2  2   0  0  2  0  0  2/5    11:39   0:00   0:47 
Greg Mauldin             0  0  0  -2  0   4  2  0  0  2  13/23  19:45   2:20   2:57 
Jamie Arniel             1  1  2   2  0   4  1  1  0  0  14/21  18:41   2:01   4:02 
Jordan Hendry            0  1  1  -1  0   0  2  0  0  2  0/0    25:10   2:12   6:38 
Kyle Lawson              0  0  0  -1  0   0  2  1  0  0  0/0    14:06   0:00   0:00 
Lucas Lessio             0  0  0  -1  0   1  0  1  0  0  0/0    10:16   0:00   1:19 
Mattias Tedenby          1  0  1   2  0   2  0  0  1  0  0/0    10:45   0:00   0:00 
Mike Duco                1  0  1   2  0   3  2  0  0  0  0/0     9:44   0:00   0:00 
Nathan Oystrick          0  1  1  -1  2   2  1  4  0  2  0/0    23:21   1:32   5:41 
Nino Niederreiter        0  0  0  -2  0   3  3  0  1  0  0/2    20:13   2:01   4:02 
Petr Pohl                2  1  3   2  2   3  1  0  0  0  7/14   23:44   2:20   6:34 
Philip Samuelsson        0  0  0   3  0   1  1  3  1  1  0/0    26:53   2:12   6:38 
Rich Clune               0  0  0  -1  0   1  0  0  1  0  0/0     6:28   0:00   0:00 
Robert Dome              0  1  1  -2  0   0  0  0  2  0  1/2    16:23   2:20   0:00 
Stefan Elliott           0  0  0   3  2   1  2  2  0  0  0/0    20:49   2:09   2:10 
Tye McGinn               0  3  3   2  2   0  0  1  0  0  0/1    14:35   2:01   0:12 

3 Stars

1 - Petr Pohl (Det)
2 - Jamie Arniel (Det)
3 - Blake Geoffrion (Bre)

Power Play

Carnivores - 1 on 7 Attempt(s) - 14,29%
Tamiflu - 0 on 3 Attempt(s) - 0,00%

Penalty Kill

Carnivores - 3 on 3 Attempt(s) - 100,00% - Score 0 goal in Penalty Kill
Tamiflu - 6 on 7 Attempt(s) - 85,71% - Score 0 goal in Penalty Kill

Team Stat

Carnivores - Hits : 20 - Faceoff Wins : 33 - Blocked Shots : 6 - Penalty Minutes : 6
Tamiflu - Hits : 20 - Faceoff Wins : 37 - Blocked Shots : 16 - Penalty Minutes : 14

Official

Referees : Sutherland Kelly and McCauley Wes
Linesman : Steve Miller and Vaughan Rody

Game Notes

9:26 of 1st period - Tamiflu goal is going for a video replay. After video review, Goal.

Finance

Level 1 -- Attendance: 1337 (66,85%) -- Ticket Income 33 425 $
Level 2 -- Attendance: 686 (68,60%) -- Ticket Income 6 860 $
Total Attendance: 2023 (67,43%)
Total Ticket Income: 40 285 $
Other Income: 2 014 $
Total Income: 42 299 $

Carnivores

5 vs 5 Forward 
   Center                   Left Wing                Right Wing               Time % Phy DF OF 
 1 Anton Gustafsson         Artemi Panarin           Brendan Gallagher        40     1   2  2  
 2 Mikael Granlund          Blake Geoffrion          Jeremy Williams          30     1   2  2  
 3 Markus Granlund          Jeremy Welsh             Chris Lawrence           20     1   2  2  
 4 Zack Smith               Lane MacDermid           Colton Orr               10     2   1  2  

5 vs 5 Defense 
   Defense                  Defense                                           Time % Phy DF OF 
 1 Phil Oreskovic           Nate Schmidt                                      40     1   2  2  
 2 Mat Clark                Sasha Pokulok                                     30     1   2  2  
 3 Adam Almquist            Zach Jones                                        20     1   2  2  
 4 Mattias Backman          Frederic St-Denis                                 10     1   2  2  

PowerPlay Forward 
   Center                   Left Wing                Right Wing               Time % Phy DF OF 
 1 Anton Gustafsson         Artemi Panarin           Brendan Gallagher        60     1   1  3  
 2 Mikael Granlund          Blake Geoffrion          Mark McNeill             40     1   1  3  

PowerPlay Defense
   Defense                  Defense                                           Time % Phy DF OF 
 1 Phil Oreskovic           Nate Schmidt                                      60     1   2  2  
 2 Mat Clark                Sasha Pokulok                                     40     1   2  2  

Penalty Kill 4 Players Forward 
   Center                   Wing                     Time % Phy DF OF 
 1 Artemi Panarin           Chris Lawrence           60     1   2  2  
 2 Anton Gustafsson         Brendan Gallagher        40     1   3  1  

Penalty Kill 4 Players Defense
   Defense                  Defense                  Time % Phy DF OF 
 1 Phil Oreskovic           Nate Schmidt             60     1   3  1  
 2 Frederic St-Denis        Sasha Pokulok            40     1   3  1  

Penalty Kill - 3 Players Forward 
   Forward                                           Time % Phy DF OF 
 1 Artemi Panarin                                    60     1   2  2  
 2 Anton Gustafsson                                  40     1   2  2  

Penalty Kill - 3 Players Defense
   Defense                  Defense                  Time % Phy DF OF 
 1 Phil Oreskovic           Nate Schmidt             60     1   2  2  
 2 Frederic St-Denis        Sasha Pokulok            40     1   2  2  

4 vs 4 Forward 
   Center                   Wing                     Time % Phy DF OF 
 1 Artemi Panarin           Chris Lawrence           60     1   2  2  
 2 Mikael Granlund          Blake Geoffrion          40     1   2  2  

4 vs 4 Defense
   Defense                  Defense                  Time % Phy DF OF 
 1 Phil Oreskovic           Nate Schmidt             60     1   2  2  
 2 Mat Clark                Sasha Pokulok            40     1   2  2  

Last Minutes Offensive
   Center                   Left Wing                Right Wing               Defense                  Defense                  
   Mikael Granlund          Artemi Panarin           Brendan Gallagher        Phil Oreskovic           Mat Clark                

Last Minutes Defensive
   Center                   Left Wing                Right Wing               Defense                  Defense                  
   Anton Gustafsson         Artemi Panarin           Colton Orr               Zach Jones               Sasha Pokulok            

Goaltenders
Starting : Antti Raanta             
Backup : Chad Johnson             

Extra Forwards
Normal : Mark McNeill, Artemi Panarin, Brendan Gallagher - PP : Mark McNeill, Artemi Panarin - PK : Brendan Gallagher
Extra Defensemen
Normal : Mattias Backman, Mat Clark, Nate Schmidt - PP : Nate Schmidt - PK : Mat Clark, Nate Schmidt
Penalty Shots
Chris Lawrence, Artemi Panarin, Brendan Gallagher, Jeremy Welsh, Blake Geoffrion

Tamiflu

5 vs 5 Forward 
   Center                   Left Wing                Right Wing               Time % Phy DF OF 
 1 Greg Mauldin             Robert Dome              Nino Niederreiter        35     0   2  3  
 2 Jamie Arniel             Tye McGinn               Petr Pohl                35     0   2  3  
 3 Colin Greening           Mattias Tedenby          Mike Duco                20     1   2  2  
 4 Casey Wellman            Lucas Lessio             Rich Clune               10     1   2  2  

5 vs 5 Defense 
   Defense                  Defense                                           Time % Phy DF OF 
 1 Philip Samuelsson        Stefan Elliott                                    40     1   2  2  
 2 Nathan Oystrick          Jordan Hendry                                     30     1   2  2  
 3 Kyle Lawson              Adam Larsson                                      20     1   2  2  
 4 Kyle Lawson              Adam Larsson                                      10     1   3  1  

PowerPlay Forward 
   Center                   Left Wing                Right Wing               Time % Phy DF OF 
 1 Greg Mauldin             Robert Dome              Petr Pohl                60     0   1  4  
 2 Jamie Arniel             Tye McGinn               Nino Niederreiter        40     0   1  4  

PowerPlay Defense
   Defense                  Defense                                           Time % Phy DF OF 
 1 Philip Samuelsson        Jordan Hendry                                     60     0   2  3  
 2 Nathan Oystrick          Stefan Elliott                                    40     0   2  3  

Penalty Kill 4 Players Forward 
   Center                   Wing                     Time % Phy DF OF 
 1 Petr Pohl                Casey Wellman            60     1   3  1  
 2 Jamie Arniel             Nino Niederreiter        40     1   3  1  

Penalty Kill 4 Players Defense
   Defense                  Defense                  Time % Phy DF OF 
 1 Nathan Oystrick          Adam Larsson             50     1   3  1  
 2 Philip Samuelsson        Jordan Hendry            50     1   3  1  

Penalty Kill - 3 Players Forward 
   Forward                                           Time % Phy DF OF 
 1 Petr Pohl                                         60     1   4  0  
 2 Nino Niederreiter                                 40     1   4  0  

Penalty Kill - 3 Players Defense
   Defense                  Defense                  Time % Phy DF OF 
 1 Nathan Oystrick          Jordan Hendry            60     1   4  0  
 2 Philip Samuelsson        Adam Larsson             40     1   4  0  

4 vs 4 Forward 
   Center                   Wing                     Time % Phy DF OF 
 1 Greg Mauldin             Petr Pohl                50     1   2  2  
 2 Robert Dome              Nino Niederreiter        50     1   2  2  

4 vs 4 Defense
   Defense                  Defense                  Time % Phy DF OF 
 1 Philip Samuelsson        Jordan Hendry            60     1   2  2  
 2 Nathan Oystrick          Kyle Lawson              40     1   2  2  

Last Minutes Offensive
   Center                   Left Wing                Right Wing               Defense                  Defense                  
   Greg Mauldin             Nino Niederreiter        Petr Pohl                Philip Samuelsson        Jordan Hendry            

Last Minutes Defensive
   Center                   Left Wing                Right Wing               Defense                  Defense                  
   Jamie Arniel             Petr Pohl                Nino Niederreiter        Philip Samuelsson        Nathan Oystrick          

Goaltenders
Starting : Thomas Greiss            
Backup : Joe Fallon               

Extra Forwards
Normal : Petr Pohl, Nino Niederreiter, Mattias Tedenby - PP : Mattias Tedenby, Mike Duco - PK : Greg Mauldin
Extra Defensemen
Normal : Philip Samuelsson, Jordan Hendry, Adam Larsson - PP : Nathan Oystrick - PK : Stefan Elliott, Jordan Hendry
Penalty Shots
Mattias Tedenby, Jamie Arniel, Robert Dome, Greg Mauldin, Casey Wellman

% Time on Ice - Carnivores

Lines # - Real PCT - Wanted PCT - Time Play
Normal Forward
1 - 32% - 40% - 13:35
2 - 30% - 30% - 12:49
3 - 19% - 20% - 8:12
4 - 18% - 10% - 7:33
Normal Defense
1 - 37% - 40% - 15:35
2 - 30% - 30% - 12:46
3 - 21% - 20% - 8:54
4 - 12% - 10% - 4:54
PP Forward
1 - 58% - 60% - 7:51
2 - 42% - 40% - 5:39
PP Defense
1 - 62% - 60% - 8:25
2 - 38% - 40% - 5:05
PK Forward
1 - 82% - 60% - 3:35
2 - 18% - 40% - 0:46
PK Defense
1 - 65% - 60% - 2:50
2 - 35% - 40% - 1:31
PK3 Forward
1 - 79% - 60% - 1:16
2 - 21% - 40% - 0:20
PK3 Defense
1 - 56% - 60% - 0:54
2 - 44% - 40% - 0:42
44 Forward
1 - 78% - 60% - 2:39
2 - 22% - 40% - 0:45
44 Defense
1 - 47% - 60% - 1:35
2 - 53% - 40% - 1:49
Last Minute Offensive  - 0:00
Last Minute Defensive  - 0:00
Total
Forward - 65:00
Defense - 65:00

% Time on Ice - Tamiflu

Lines # - Real PCT - Wanted PCT - Time Play
Normal Forward
1 - 32% - 35% - 13:25
2 - 33% - 35% - 14:00
3 - 21% - 20% - 8:45
4 - 14% - 10% - 5:59
Normal Defense
1 - 41% - 40% - 17:11
2 - 33% - 30% - 13:59
3 - 20% - 20% - 8:30
4 - 6% - 10% - 2:29
PP Forward
1 - 54% - 60% - 2:20
2 - 46% - 40% - 2:01
PP Defense
1 - 51% - 60% - 2:12
2 - 49% - 40% - 2:09
PK Forward
1 - 70% - 60% - 9:28
2 - 30% - 40% - 4:02
PK Defense
1 - 51% - 50% - 6:52
2 - 49% - 50% - 6:38
PK3 Forward
1 - 0% - 60%
2 - 0% - 40%
PK3 Defense
1 - 0% - 60%
2 - 0% - 40%
44 Forward
1 - 47% - 50% - 2:21
2 - 53% - 50% - 2:39
44 Defense
1 - 53% - 60% - 2:38
2 - 47% - 40% - 2:22
Last Minute Offensive  - 0:00
Last Minute Defensive  - 0:00
Total
Forward - 65:00
Defense - 65:00

Play by Play

1st period


0:01 of 1st period - Anton Gustafsson wins face-off versus Nino Niederreiter in neutral zone.
0:16 of 1st period - Wrist shot by Artemi Panarin.
0:16 of 1st period - Stopped by Thomas Greiss with a rebound.
0:26 of 1st period - Phil Oreskovic is hit by Stefan Elliott and loses puck.
0:49 of 1st period - Jordan Hendry is hit by Jeremy Welsh and loses puck.
2:54 of 1st period - Wrist shot by Robert Dome.
2:54 of 1st period - Shot Misses the Net.
2:56 of 1st period - Slapshot by Nino Niederreiter.
2:56 of 1st period - Shot Misses the Net.
2:58 of 1st period - Wrist shot by Nino Niederreiter.
2:58 of 1st period - Shot Misses the Net.
3:00 of 1st period - Slapshot by Philip Samuelsson.
3:00 of 1st period - Stopped by Antti Raanta with a rebound.
3:58 of 1st period - Off-side.
3:59 of 1st period - Greg Mauldin wins face-off versus Anton Gustafsson in neutral zone.
4:02 of 1st period - Snap shot by Artemi Panarin.
4:02 of 1st period - Goal by Artemi Panarin - Carnivores : 1 - Tamiflu : 0.
4:03 of 1st period - Jamie Arniel wins face-off versus Anton Gustafsson in neutral zone.
4:40 of 1st period - Wrist shot by Robert Dome.
4:40 of 1st period - Shot Blocked by Nate Schmidt.
4:48 of 1st period - Nino Niederreiter is hit by Phil Oreskovic and loses puck.
6:32 of 1st period - Jeremy Welsh is hit by Mike Duco and loses puck.
7:04 of 1st period - Icing by Petr Pohl.
7:05 of 1st period - Zack Smith wins face-off versus Greg Mauldin in Tamiflu zone.
7:16 of 1st period - Zack Smith is hit by Adam Larsson and loses puck.
7:33 of 1st period - Snap shot by Robert Dome.
7:33 of 1st period - Deflect By Mattias Tedenby.
7:33 of 1st period - Goal by Mattias Tedenby - Carnivores : 1 - Tamiflu : 1.
7:34 of 1st period - Petr Pohl wins face-off versus Anton Gustafsson in neutral zone.
8:45 of 1st period - Wrist shot by Nino Niederreiter.
8:45 of 1st period - Stopped by Antti Raanta with a rebound.
9:22 of 1st period - Slapshot by Colin Greening.
9:22 of 1st period - Shot Hit the Post.
9:24 of 1st period - Wrist shot by Nathan Oystrick.
9:24 of 1st period - Shot Blocked by Adam Almquist.
9:26 of 1st period - Slapshot by Jordan Hendry.
9:26 of 1st period - Deflect By Mike Duco.
9:26 of 1st period - Tamiflu goal is going for a video replay.
9:26 of 1st period - The goal is good.
9:26 of 1st period - Goal by Mike Duco - Carnivores : 1 - Tamiflu : 2.
9:27 of 1st period - Jamie Arniel wins face-off versus Anton Gustafsson in neutral zone.
10:04 of 1st period - Snap shot by Blake Geoffrion.
10:04 of 1st period - Shot Blocked by Stefan Elliott.
10:24 of 1st period - Snap shot by Jeremy Welsh.
10:24 of 1st period - Shot Misses the Net.
11:00 of 1st period - Zack Smith is hit by Adam Larsson.
11:36 of 1st period - Slapshot by Mattias Tedenby.
11:36 of 1st period - Stopped by Antti Raanta with a rebound.
11:39 of 1st period - Icing by Frederic St-Denis.
11:40 of 1st period - Jamie Arniel wins face-off versus Markus Granlund in Carnivores zone.
12:11 of 1st period - Snap shot by Greg Mauldin.
12:11 of 1st period - Stopped by Antti Raanta with a rebound.
12:25 of 1st period - Jeremy Williams is hit by Mike Duco and loses puck.
12:30 of 1st period - Snap shot by Mike Duco.
12:30 of 1st period - Stopped by Antti Raanta with a rebound.
12:47 of 1st period - Minor Penalty to Casey Wellman for Hooking.
12:48 of 1st period - Anton Gustafsson wins face-off versus Petr Pohl in Tamiflu zone.
13:18 of 1st period - Philip Samuelsson is hit by Mikael Granlund and loses puck.
14:27 of 1st period - Phil Oreskovic is hit by Adam Larsson and loses puck.
14:47 of 1st period - Penalty to Casey Wellman is over, Casey Wellman is back on ice.
15:34 of 1st period - Adam Larsson is hit by Zach Jones and loses puck.
15:53 of 1st period - Wrist shot by Greg Mauldin.
15:53 of 1st period - Shot Misses the Net.
15:55 of 1st period - Slapshot by Robert Dome.
15:55 of 1st period - Shot Misses the Net.
15:57 of 1st period - Wrist shot by Greg Mauldin.
15:57 of 1st period - Shot Misses the Net.
16:04 of 1st period - Icing by Mat Clark.
16:05 of 1st period - Zack Smith wins face-off versus Jamie Arniel in Carnivores zone.
16:10 of 1st period - Slapshot by Petr Pohl.
16:10 of 1st period - Deflect By Zack Smith.
16:10 of 1st period - Shot Misses the Net.
16:10 of 1st period - Puck is out of play.
16:11 of 1st period - Zack Smith wins face-off versus Tye McGinn in Carnivores zone.
16:30 of 1st period - Snap shot by Tye McGinn.
16:30 of 1st period - Shot Misses the Net.
16:32 of 1st period - Wrist shot by Jamie Arniel.
16:32 of 1st period - Deflect By Tye McGinn.
16:32 of 1st period - Shot Misses the Net.
16:32 of 1st period - Puck is out of play.
16:33 of 1st period - Greg Mauldin wins face-off versus Artemi Panarin in Carnivores zone.
16:44 of 1st period - Nate Schmidt is hit by Greg Mauldin and loses puck.
17:26 of 1st period - Snap shot by Petr Pohl.
17:26 of 1st period - Goal by Petr Pohl - Carnivores : 1 - Tamiflu : 3.
17:27 of 1st period - Colin Greening wins face-off versus Anton Gustafsson in neutral zone.
18:10 of 1st period - Off-side.
18:11 of 1st period - Markus Granlund wins face-off versus Casey Wellman in neutral zone.
18:14 of 1st period - Wrist shot by Jeremy Welsh.
18:14 of 1st period - Shot Blocked by Nathan Oystrick.
18:20 of 1st period - Snap shot by Chris Lawrence.
18:20 of 1st period - Stopped by Thomas Greiss without a rebound.
18:21 of 1st period - Anton Gustafsson wins face-off versus Jamie Arniel in Tamiflu zone.
18:28 of 1st period - Wrist shot by Artemi Panarin.
18:28 of 1st period - Stopped by Thomas Greiss with a rebound.
18:30 of 1st period - Wrist shot by Anton Gustafsson.
18:30 of 1st period - Shot Misses the Net.
18:32 of 1st period - Wrist shot by Brendan Gallagher.
18:32 of 1st period - Shot Blocked by Philip Samuelsson.
18:34 of 1st period - Snap shot by Anton Gustafsson.
18:34 of 1st period - Deflect By Jamie Arniel.
18:34 of 1st period - Shot Blocked by Stefan Elliott.
18:34 of 1st period - Puck is out of play.
18:35 of 1st period - Artemi Panarin wins face-off versus Robert Dome in Tamiflu zone.
18:36 of 1st period - Wrist shot by Brendan Gallagher.
18:36 of 1st period - Stopped by Thomas Greiss with a rebound.
18:38 of 1st period - Minor Penalty to Stefan Elliott for Holding.
18:39 of 1st period - Anton Gustafsson wins face-off versus Casey Wellman in Tamiflu zone.
18:42 of 1st period - Wrist shot by Artemi Panarin.
18:42 of 1st period - Stopped by Thomas Greiss without a rebound.
18:43 of 1st period - Petr Pohl wins face-off versus Anton Gustafsson in Tamiflu zone.
18:51 of 1st period - Off-side.
18:52 of 1st period - Anton Gustafsson wins face-off versus Petr Pohl in neutral zone.
18:54 of 1st period - Off-side.
18:55 of 1st period - Petr Pohl wins face-off versus Anton Gustafsson in neutral zone.
Goals for this period are 1 for Carnivores vs 3 for Tamiflu.
Shots for this period are 6 for Carnivores vs 8 for Tamiflu.

2nd period


0:01 of 2nd period - Petr Pohl wins face-off versus Anton Gustafsson in neutral zone.
0:14 of 2nd period - Snap shot by Brendan Gallagher.
0:14 of 2nd period - Goal by Brendan Gallagher - Carnivores : 2 - Tamiflu : 3.
0:15 of 2nd period - Anton Gustafsson wins face-off versus Jamie Arniel in neutral zone.
0:18 of 2nd period - Wrist shot by Artemi Panarin.
0:18 of 2nd period - Shot Blocked by Tye McGinn.
0:59 of 2nd period - Slapshot by Chris Lawrence.
0:59 of 2nd period - Shot Misses the Net.
1:03 of 2nd period - Snap shot by Chris Lawrence.
1:03 of 2nd period - Shot Misses the Net.
1:05 of 2nd period - Backhand shot by Jeremy Welsh.
1:05 of 2nd period - Deflect By Mattias Tedenby.
1:05 of 2nd period - Shot Misses the Net.
1:05 of 2nd period - Puck is out of play.
1:06 of 2nd period - Jamie Arniel wins face-off versus Markus Granlund in Tamiflu zone.
1:19 of 2nd period - Backhand shot by Petr Pohl.
1:19 of 2nd period - Stopped by Antti Raanta with a rebound.
1:37 of 2nd period - Off-side.
1:38 of 2nd period - Anton Gustafsson wins face-off versus Colin Greening in neutral zone.
1:41 of 2nd period - Wrist shot by Anton Gustafsson.
1:41 of 2nd period - Stopped by Thomas Greiss without a rebound.
1:42 of 2nd period - Anton Gustafsson wins face-off versus Petr Pohl in Tamiflu zone.
1:51 of 2nd period - Backhand shot by Artemi Panarin.
1:51 of 2nd period - Shot Blocked by Philip Samuelsson.
2:45 of 2nd period - Snap shot by Artemi Panarin.
2:45 of 2nd period - Stopped by Thomas Greiss without a rebound.
2:46 of 2nd period - Greg Mauldin wins face-off versus Mikael Granlund in Tamiflu zone.
2:48 of 2nd period - Minor Penalty to Adam Larsson for Roughing.
2:49 of 2nd period - Mikael Granlund wins face-off versus Petr Pohl in Tamiflu zone.
2:53 of 2nd period - Wrist shot by Blake Geoffrion.
2:53 of 2nd period - Stopped by Thomas Greiss with a rebound.
2:55 of 2nd period - Wrist shot by Mikael Granlund.
2:55 of 2nd period - Stopped by Thomas Greiss without a rebound.
2:56 of 2nd period - Petr Pohl wins face-off versus Blake Geoffrion in Tamiflu zone.
2:56 of 2nd period - Petr Pohl is hit by Blake Geoffrion.
3:08 of 2nd period - Petr Pohl is hit by Sasha Pokulok and loses puck.
3:56 of 2nd period - Off-side.
3:57 of 2nd period - Jamie Arniel wins face-off versus Anton Gustafsson in neutral zone.
4:02 of 2nd period - Snap shot by Jamie Arniel.
4:02 of 2nd period - Stopped by Antti Raanta without a rebound.
4:03 of 2nd period - Jamie Arniel wins face-off versus Anton Gustafsson in Carnivores zone.
4:06 of 2nd period - Wrist shot by Nino Niederreiter.
4:06 of 2nd period - Stopped by Antti Raanta without a rebound.
4:07 of 2nd period - Anton Gustafsson wins face-off versus Petr Pohl in Carnivores zone.
4:28 of 2nd period - Philip Samuelsson is hit by Anton Gustafsson and loses puck.
4:38 of 2nd period - Off-side.
4:39 of 2nd period - Mikael Granlund wins face-off versus Jamie Arniel in neutral zone.
4:44 of 2nd period - Snap shot by Blake Geoffrion.
4:44 of 2nd period - Stopped by Thomas Greiss with a rebound.
4:46 of 2nd period - Wrist shot by Mat Clark.
4:46 of 2nd period - Deflect By Mikael Granlund.
4:46 of 2nd period - Stopped by Thomas Greiss without a rebound.
4:47 of 2nd period - Jamie Arniel wins face-off versus Anton Gustafsson in Tamiflu zone.
4:48 of 2nd period - Penalty to Adam Larsson is over, Adam Larsson is back on ice.
4:52 of 2nd period - Slapshot by Nathan Oystrick.
4:52 of 2nd period - Deflect By Artemi Panarin.
4:52 of 2nd period - Stopped by Antti Raanta with a rebound.
4:58 of 2nd period - Snap shot by Artemi Panarin.
4:58 of 2nd period - Deflect By Anton Gustafsson.
4:58 of 2nd period - Stopped by Thomas Greiss without a rebound.
4:59 of 2nd period - Robert Dome wins face-off versus Anton Gustafsson in Tamiflu zone.
4:59 of 2nd period - Robert Dome is hit by Artemi Panarin.
5:49 of 2nd period - Slapshot by Casey Wellman.
5:49 of 2nd period - Deflect By Lucas Lessio.
5:49 of 2nd period - Stopped by Antti Raanta with a rebound.
5:51 of 2nd period - Snap shot by Jordan Hendry.
5:51 of 2nd period - Shot Blocked by Nate Schmidt.
5:53 of 2nd period - Slapshot by Nathan Oystrick.
5:53 of 2nd period - Deflect By Rich Clune.
5:53 of 2nd period - Stopped by Antti Raanta without a rebound.
5:54 of 2nd period - Anton Gustafsson wins face-off versus Greg Mauldin in Carnivores zone.
6:24 of 2nd period - Wrist shot by Blake Geoffrion.
6:24 of 2nd period - Goal by Blake Geoffrion - Carnivores : 3 - Tamiflu : 3.
6:25 of 2nd period - Jamie Arniel wins face-off versus Anton Gustafsson in neutral zone.
6:52 of 2nd period - Icing by Sasha Pokulok.
6:53 of 2nd period - Greg Mauldin wins face-off versus Mikael Granlund in Carnivores zone.
6:58 of 2nd period - Slapshot by Greg Mauldin.
6:58 of 2nd period - Stopped by Antti Raanta with a rebound.
7:13 of 2nd period - Wrist shot by Jeremy Williams.
7:13 of 2nd period - Shot Misses the Net.
7:15 of 2nd period - Backhand shot by Mat Clark.
7:15 of 2nd period - Shot Blocked by Adam Larsson.
7:17 of 2nd period - Wrist shot by Jeremy Williams.
7:17 of 2nd period - Goal by Jeremy Williams - Carnivores : 4 - Tamiflu : 3.
7:18 of 2nd period - Jamie Arniel wins face-off versus Anton Gustafsson in neutral zone.
7:20 of 2nd period - Minor Penalty to Tye McGinn for Hooking.
7:21 of 2nd period - Anton Gustafsson wins face-off versus Petr Pohl in Tamiflu zone.
8:30 of 2nd period - Phil Oreskovic is hit by Nino Niederreiter and loses puck.
8:37 of 2nd period - Jordan Hendry is hit by Anton Gustafsson and loses puck.
9:20 of 2nd period - Penalty to Tye McGinn is over, Tye McGinn is back on ice.
9:57 of 2nd period - Off-side.
9:58 of 2nd period - Zack Smith wins face-off versus Jamie Arniel in neutral zone.
10:02 of 2nd period - Minor Penalty to Petr Pohl for Roughing.
10:03 of 2nd period - Anton Gustafsson wins face-off versus Greg Mauldin in Tamiflu zone.
10:13 of 2nd period - Slapshot by Brendan Gallagher.
10:13 of 2nd period - Stopped by Thomas Greiss without a rebound.
10:14 of 2nd period - Greg Mauldin wins face-off versus Anton Gustafsson in Tamiflu zone.
10:27 of 2nd period - Off-side.
10:28 of 2nd period - Artemi Panarin wins face-off versus Greg Mauldin in neutral zone.
10:33 of 2nd period - Slapshot by Artemi Panarin.
10:33 of 2nd period - Shot Misses the Net.
10:35 of 2nd period - Slapshot by Phil Oreskovic.
10:35 of 2nd period - Stopped by Thomas Greiss with a rebound.
10:37 of 2nd period - Snap shot by Brendan Gallagher.
10:37 of 2nd period - Stopped by Thomas Greiss with a rebound.
10:39 of 2nd period - Snap shot by Anton Gustafsson.
10:39 of 2nd period - Stopped by Thomas Greiss without a rebound.
10:40 of 2nd period - Greg Mauldin wins face-off versus Anton Gustafsson in Tamiflu zone.
11:05 of 2nd period - Mark McNeill is hit by Nino Niederreiter.
11:09 of 2nd period - Slapshot by Nate Schmidt.
11:09 of 2nd period - Shot Blocked by Philip Samuelsson.
11:11 of 2nd period - Slapshot by Mat Clark.
11:11 of 2nd period - Stopped by Thomas Greiss without a rebound.
11:12 of 2nd period - Jamie Arniel wins face-off versus Anton Gustafsson in Tamiflu zone.
12:02 of 2nd period - Penalty to Petr Pohl is over, Petr Pohl is back on ice.
12:09 of 2nd period - Snap shot by Chris Lawrence.
12:09 of 2nd period - Shot Blocked by Jamie Arniel.
12:11 of 2nd period - Slapshot by Nate Schmidt.
12:11 of 2nd period - Stopped by Thomas Greiss with a rebound.
12:20 of 2nd period - Off-side.
12:21 of 2nd period - Zack Smith wins face-off versus Colin Greening in neutral zone.
13:32 of 2nd period - Wrist shot by Casey Wellman.
13:32 of 2nd period - Stopped by Antti Raanta without a rebound.
13:33 of 2nd period - Jamie Arniel wins face-off versus Anton Gustafsson in Carnivores zone.
13:38 of 2nd period - Wrist shot by Jamie Arniel.
13:38 of 2nd period - Stopped by Antti Raanta without a rebound.
13:39 of 2nd period - Anton Gustafsson wins face-off versus Jamie Arniel in Carnivores zone.
14:08 of 2nd period - Robert Dome is hit by Mat Clark and loses puck.
14:47 of 2nd period - Slapshot by Sasha Pokulok.
14:47 of 2nd period - Deflect By Casey Wellman.
14:47 of 2nd period - Stopped by Thomas Greiss with a rebound.
14:49 of 2nd period - Slapshot by Sasha Pokulok.
14:49 of 2nd period - Stopped by Thomas Greiss with a rebound.
15:03 of 2nd period - Zack Smith is hit by Jordan Hendry and loses puck.
15:34 of 2nd period - Wrist shot by Lane MacDermid.
15:34 of 2nd period - Goal by Lane MacDermid - Carnivores : 5 - Tamiflu : 3.
15:35 of 2nd period - Anton Gustafsson wins face-off versus Greg Mauldin in neutral zone.
15:38 of 2nd period - Snap shot by Robert Dome.
15:38 of 2nd period - Shot Misses the Net.
15:40 of 2nd period - Slapshot by Stefan Elliott.
15:40 of 2nd period - Stopped by Antti Raanta with a rebound.
15:42 of 2nd period - Snap shot by Robert Dome.
15:42 of 2nd period - Shot Misses the Net.
15:44 of 2nd period - Slapshot by Philip Samuelsson.
15:44 of 2nd period - Shot Blocked by Phil Oreskovic.
15:46 of 2nd period - Snap shot by Nino Niederreiter.
15:46 of 2nd period - Stopped by Antti Raanta without a rebound.
15:47 of 2nd period - Jamie Arniel wins face-off versus Anton Gustafsson in Carnivores zone.
15:56 of 2nd period - Snap shot by Petr Pohl.
15:56 of 2nd period - Goal by Petr Pohl - Carnivores : 5 - Tamiflu : 4.
15:57 of 2nd period - Greg Mauldin wins face-off versus Anton Gustafsson in neutral zone.
16:04 of 2nd period - Snap shot by Robert Dome.
16:04 of 2nd period - Deflect By Nino Niederreiter.
16:04 of 2nd period - Shot Hit the Post.
16:04 of 2nd period - Puck is out of play.
16:05 of 2nd period - Greg Mauldin wins face-off versus Anton Gustafsson in Carnivores zone.
16:18 of 2nd period - Snap shot by Greg Mauldin.
16:18 of 2nd period - Stopped by Antti Raanta with a rebound.
17:00 of 2nd period - Slapshot by Phil Oreskovic.
17:00 of 2nd period - Shot Blocked by Colin Greening.
17:02 of 2nd period - Snap shot by Chris Lawrence.
17:02 of 2nd period - Shot Blocked by Colin Greening.
17:54 of 2nd period - Jamie Arniel is hit by Mikael Granlund.
18:11 of 2nd period - Icing by Sasha Pokulok.
18:12 of 2nd period - Colin Greening wins face-off versus Chris Lawrence in Carnivores zone.
18:19 of 2nd period - Wrist shot by Mattias Tedenby.
18:19 of 2nd period - Shot Misses the Net.
18:21 of 2nd period - Slapshot by Philip Samuelsson.
18:21 of 2nd period - Deflect By Mike Duco.
18:21 of 2nd period - Stopped by Antti Raanta without a rebound.
18:22 of 2nd period - Jamie Arniel wins face-off versus Anton Gustafsson in Carnivores zone.
18:31 of 2nd period - Snap shot by Jamie Arniel.
18:31 of 2nd period - Stopped by Antti Raanta with a rebound.
18:33 of 2nd period - Snap shot by Jamie Arniel.
18:33 of 2nd period - Goal by Jamie Arniel - Carnivores : 5 - Tamiflu : 5.
18:34 of 2nd period - Greg Mauldin wins face-off versus Anton Gustafsson in neutral zone.
18:39 of 2nd period - Snap shot by Greg Mauldin.
18:39 of 2nd period - Stopped by Antti Raanta without a rebound.
18:40 of 2nd period - Anton Gustafsson wins face-off versus Greg Mauldin in Carnivores zone.
19:27 of 2nd period - Snap shot by Artemi Panarin.
19:27 of 2nd period - Stopped by Thomas Greiss without a rebound.
19:28 of 2nd period - Mikael Granlund wins face-off versus Jamie Arniel in Tamiflu zone.
19:33 of 2nd period - Snap shot by Mikael Granlund.
19:33 of 2nd period - Shot Misses the Net.
19:35 of 2nd period - Snap shot by Mikael Granlund.
19:35 of 2nd period - Shot Misses the Net.
19:37 of 2nd period - Snap shot by Mikael Granlund.
19:37 of 2nd period - Shot Misses the Net.
19:39 of 2nd period - Snap shot by Blake Geoffrion.
19:39 of 2nd period - Shot Misses the Net.
19:41 of 2nd period - Wrist shot by Blake Geoffrion.
19:41 of 2nd period - Shot Misses the Net.
19:43 of 2nd period - Snap shot by Jeremy Williams.
19:43 of 2nd period - Stopped by Thomas Greiss with a rebound.
19:49 of 2nd period - Minor Penalty to Nathan Oystrick for Roughing.
19:50 of 2nd period - Petr Pohl wins face-off versus Artemi Panarin in Tamiflu zone.
Goals for this period are 4 for Carnivores vs 2 for Tamiflu.
Shots for this period are 21 for Carnivores vs 17 for Tamiflu.

3rd period


0:01 of 3rd period - Brendan Gallagher wins face-off versus Petr Pohl in neutral zone.
1:22 of 3rd period - Casey Wellman is hit by Mikael Granlund and loses puck.
1:49 of 3rd period - Penalty to Nathan Oystrick is over, Nathan Oystrick is back on ice.
2:07 of 3rd period - Icing by Mat Clark.
2:08 of 3rd period - Zack Smith wins face-off versus Greg Mauldin in Carnivores zone.
2:24 of 3rd period - Lane MacDermid is hit by Jordan Hendry and loses puck.
2:47 of 3rd period - Wrist shot by Chris Lawrence.
2:47 of 3rd period - Shot Misses the Net.
2:49 of 3rd period - Wrist shot by Jeremy Welsh.
2:49 of 3rd period - Shot Misses the Net.
3:39 of 3rd period - Slapshot by Jeremy Welsh.
3:39 of 3rd period - Stopped by Thomas Greiss with a rebound.
4:13 of 3rd period - Zack Smith is hit by Jamie Arniel and loses puck.
4:22 of 3rd period - Snap shot by Colton Orr.
4:22 of 3rd period - Stopped by Thomas Greiss with a rebound.
4:38 of 3rd period - Wrist shot by Artemi Panarin.
4:38 of 3rd period - Stopped by Thomas Greiss with a rebound.
4:40 of 3rd period - Wrist shot by Brendan Gallagher.
4:40 of 3rd period - Shot Blocked by Nathan Oystrick.
4:42 of 3rd period - Snap shot by Brendan Gallagher.
4:42 of 3rd period - Shot Misses the Net.
5:18 of 3rd period - Snap shot by Jeremy Welsh.
5:18 of 3rd period - Shot Blocked by Nathan Oystrick.
5:50 of 3rd period - Philip Samuelsson is hit by Brendan Gallagher and loses puck.
6:13 of 3rd period - Snap shot by Mikael Granlund.
6:13 of 3rd period - Shot Misses the Net.
6:15 of 3rd period - Slapshot by Nate Schmidt.
6:15 of 3rd period - Shot Misses the Net.
6:37 of 3rd period - Off-side.
6:38 of 3rd period - Jamie Arniel wins face-off versus Anton Gustafsson in neutral zone.
6:43 of 3rd period - Slapshot by Tye McGinn.
6:43 of 3rd period - Shot Blocked by Mat Clark.
6:46 of 3rd period - Minor Penalty to Brendan Gallagher for Holding Stick.
6:47 of 3rd period - Artemi Panarin wins face-off versus Greg Mauldin in Carnivores zone.
6:52 of 3rd period - Artemi Panarin is hit by Petr Pohl and loses puck.
7:27 of 3rd period - Slapshot by Nathan Oystrick.
7:27 of 3rd period - Stopped by Antti Raanta with a rebound.
8:46 of 3rd period - Penalty to Brendan Gallagher is over, Brendan Gallagher is back on ice.
8:52 of 3rd period - Snap shot by Blake Geoffrion.
8:52 of 3rd period - Stopped by Thomas Greiss without a rebound.
8:53 of 3rd period - Blake Geoffrion wins face-off versus Colin Greening in Tamiflu zone.
9:18 of 3rd period - Stefan Elliott is hit by Artemi Panarin and loses puck.
10:15 of 3rd period - Minor Penalty to Mat Clark for Slashing.
10:16 of 3rd period - Greg Mauldin wins face-off versus Artemi Panarin in Carnivores zone.
10:17 of 3rd period - Wrist shot by Robert Dome.
10:17 of 3rd period - Shot Misses the Net.
11:38 of 3rd period - Icing by Tye McGinn.
11:39 of 3rd period - Greg Mauldin wins face-off versus Artemi Panarin in Tamiflu zone.
11:50 of 3rd period - Phil Oreskovic is hit by Nino Niederreiter and loses puck.
12:01 of 3rd period - Phil Oreskovic is hit by Nathan Oystrick and loses puck.
12:15 of 3rd period - Penalty to Mat Clark is over, Mat Clark is back on ice.
12:55 of 3rd period - Mikael Granlund is hit by Kyle Lawson and loses puck.
13:14 of 3rd period - Minor Penalty to Colin Greening for Elbowing.
13:15 of 3rd period - Petr Pohl wins face-off versus Mikael Granlund in Tamiflu zone.
15:14 of 3rd period - Penalty to Colin Greening is over, Colin Greening is back on ice.
15:19 of 3rd period - Lucas Lessio is hit by Mikael Granlund and loses puck.
15:40 of 3rd period - Slapshot by Lane MacDermid.
15:40 of 3rd period - Stopped by Thomas Greiss with a rebound.
15:42 of 3rd period - Slapshot by Adam Almquist.
15:42 of 3rd period - Shot Blocked by Lucas Lessio.
16:32 of 3rd period - Frederic St-Denis is hit by Stefan Elliott and loses puck.
17:25 of 3rd period - Kyle Lawson is hit by Brendan Gallagher and loses puck.
18:35 of 3rd period - Nathan Oystrick is hit by Frederic St-Denis and loses puck.
19:01 of 3rd period - Icing by Lane MacDermid.
19:02 of 3rd period - Anton Gustafsson wins face-off versus Greg Mauldin in Carnivores zone.
19:02 of 3rd period - Anton Gustafsson is hit by Greg Mauldin.
19:36 of 3rd period - Minor Penalty to Nate Schmidt for Charging.
19:37 of 3rd period - Greg Mauldin wins face-off versus Artemi Panarin in Carnivores zone.
19:44 of 3rd period - Wrist shot by Petr Pohl.
19:44 of 3rd period - Shot Blocked by Mat Clark.
Goals for this period are 0 for Carnivores vs 0 for Tamiflu.
Shots for this period are 5 for Carnivores vs 1 for Tamiflu.

Overtime #1


0:01 of 1st overtime period - Greg Mauldin wins face-off versus Artemi Panarin in neutral zone.
0:16 of 1st overtime period - Wrist shot by Petr Pohl.
0:16 of 1st overtime period - Shot Misses the Net.
0:36 of 1st overtime period - Artemi Panarin is hit by Kyle Lawson and loses puck.
1:03 of 1st overtime period - Nathan Oystrick is hit by Brendan Gallagher and loses puck.
1:36 of 1st overtime period - Penalty to Nate Schmidt is over, Nate Schmidt is back on ice.
1:37 of 1st overtime period - Off-side.
1:38 of 1st overtime period - Artemi Panarin wins face-off versus Nino Niederreiter in neutral zone.
2:24 of 1st overtime period - Icing by Mat Clark.
2:25 of 1st overtime period - Mikael Granlund wins face-off versus Greg Mauldin in Carnivores zone.
2:37 of 1st overtime period - Artemi Panarin is hit by Philip Samuelsson and loses puck.
2:50 of 1st overtime period - Philip Samuelsson is hit by Mat Clark.
3:34 of 1st overtime period - Mattias Tedenby is hit by Sasha Pokulok.
4:14 of 1st overtime period - Wrist shot by Mikael Granlund.
4:14 of 1st overtime period - Shot Blocked by Nathan Oystrick.
4:16 of 1st overtime period - Slapshot by Mat Clark.
4:16 of 1st overtime period - Shot Blocked by Kyle Lawson.
4:18 of 1st overtime period - Wrist shot by Mikael Granlund.
4:18 of 1st overtime period - Stopped by Thomas Greiss with a rebound.
4:20 of 1st overtime period - Snap shot by Blake Geoffrion.
4:20 of 1st overtime period - Stopped by Thomas Greiss with a rebound.
Goals for this period are 0 for Carnivores vs 0 for Tamiflu.
Shots for this period are 2 for Carnivores vs 0 for Tamiflu.

ShootOut


5:00 of 1st overtime period - Penalty Shot by Chris Lawrence for Carnivores.
5:00 of 1st overtime period - Deke by Chris Lawrence.
5:00 of 1st overtime period - Goal by Chris Lawrence.
5:00 of 1st overtime period - Penalty Shot by Mattias Tedenby for Tamiflu.
5:00 of 1st overtime period - Backhand shot by Mattias Tedenby.
5:00 of 1st overtime period - Goal by Mattias Tedenby.
5:00 of 1st overtime period - Penalty Shot by Artemi Panarin for Carnivores.
5:00 of 1st overtime period - Backhand shot by Artemi Panarin.
5:00 of 1st overtime period - Stopped by Thomas Greiss.
5:00 of 1st overtime period - Penalty Shot by Jamie Arniel for Tamiflu.
5:00 of 1st overtime period - Deke by Jamie Arniel.
5:00 of 1st overtime period - Shot Misses the Net.
5:00 of 1st overtime period - Penalty Shot by Brendan Gallagher for Carnivores.
5:00 of 1st overtime period - Deke by Brendan Gallagher.
5:00 of 1st overtime period - Stopped by Thomas Greiss.
5:00 of 1st overtime period - Penalty Shot by Robert Dome for Tamiflu.
5:00 of 1st overtime period - Wrist shot by Robert Dome.
5:00 of 1st overtime period - Goal by Robert Dome.